 Dungeon Crawl Stone Soup version 0.31-a0-152-g6aa68a64a1 (webtiles) character file.

Game seed: 323659614342394154

2343 qw the Cleaver (level 9, -6/57 HPs)
             Began as a Gargoyle Fighter on June 10, 2023.
             Killed from afar by Maggie (22 damage)
             ... with a bolt of fire
             ... on level 7 of the Dungeon.
             The game lasted 00:03:39 (5904 turns).

qw the Cleaver (Gargoyle Fighter)                   Turns: 5904, Time: 00:03:39

Health: -6/57      AC: 15    Str: 24    XL:     9   Next: 43%
Magic:  8/8        EV: 14    Int:  7    God:
Gold:   312        SH: 11    Dex: 19    Spells: 8/8 levels left

rFire   . . .        Y - +2 war axe
rCold   . . .        c - +0 buckler
rNeg    + . .        f - +0 chain mail
rPois   inf          (no helmet)
rElec   +            (no cloak)
rCorr   .            (no gloves)
SInv    .            (no boots)
Will    .....        n - amulet of reflection Stlth
                     e - +5 ring of evasion
HPRegen 0.29/turn    i - +6 ring of dexterity
MPRegen 0.11/turn

%: reflection
@: no status effects
A: sickness immunity, AC +6, negative energy resistance 1, electricity
resistance, torment resistance 1, petrification resistance, agile 1, low MP 1
a: no special abilities


You were on level 7 of the Dungeon.
You visited 2 branches of the dungeon, and saw 8 of its levels.
You also visited: Ossuary.

You collected 396 gold pieces.
You spent 84 gold pieces at shops.


Innate Abilities, Weirdness & Mutations

You are immune to sickness and miasma.
Your stone body is resilient. (AC +6)
You are immune to poison.
You resist negative energy. (rN+)
You are resistant to electric shocks. (rElec)
You are resistant to unholy torment.
You are immune to petrification.
You are agile. (Dex +4, Str/Int -1)
Your magical capacity is low. (-10% MP)


   Skills:
 - Level 7.0 Fighting
 + Level 9.4 Axes
 - Level 4.2 Armour
 - Level 2.0 Dodging
 - Level 4.0 Shields


You had 8 spell levels left.
You didn't know any spells.
Your spell library was empty.

Inventory:

Hand Weapons
 g - a +0 flail of draining
 Y - a +2 war axe (weapon)
Armour
 c - a +0 buckler (worn)
 f - a +0 chain mail (worn)
Jewellery
 e - a +5 ring of evasion (left hand)
 i - a +6 ring of dexterity (right hand)
 m - a ring of fire
 n - an amulet of reflection (around neck)
Scrolls
 b - 2 scrolls of teleportation
 l - a scroll of identify
Potions
 a - a potion of attraction {unknown}
 d - 3 potions of might
 h - 4 potions of curing
 k - a potion of magic {unknown}
 p - a potion of mutation

Dungeon Overview and Level Annotations

Branches:
Dungeon (7/15)             Temple (1/1) D:5         Ossuary (visited)

Altars:
Ashenzari
Dithmenos
Elyvilon
Fedhas
Gozag
Hepliaklqana
Kikubaaqudgha
Nemelex Xobeh
Qazlal
Ru
Sif Muna
Trog
Vehumet
Wu Jian
Xom
Yredelemnul
Zin
The Shining One

Shops:
D:3 ?   D:4 (

Annotations:
D:2 1 runed translucent door, Crazy Yiuf
D:7 Maggie


Message History

The orc wizard is almost dead.
You block the orc wizard's attack. You block the gnoll's attack.
The gnoll hits you from afar with a +0 spear.
The orc wizard misses you.
You barely miss the orc wizard.
The orc wizard is almost dead.
The orc wizard gestures wildly while chanting.
The orc wizard flickers and vanishes!
The gnoll closely misses you.
The gnoll sergeant hits you but does no damage.
You hit something. Something barely misses you. The gnoll closely misses you.
You block the gnoll sergeant's attack.
You closely miss something. Something barely misses you.
You block the gnoll's attack.
The gnoll sergeant hits you from afar with a +0 trident!
You slash something!
Reactivating autopickup.
You feel a bit more experienced. The gnoll misses you.
The gnoll sergeant hits you but does no damage.
Maggie gestures at you while chanting. The bolt of fire hits you!!
The gnoll barely misses you. You block the gnoll sergeant's attack.
Maggie barely misses you.
Items here: % )) [.
You slash Maggie!
Maggie is lightly wounded.
You hit the gnoll.
You hit the gnoll sergeant but do no damage.
The gnoll hits you but does no damage.
The gnoll sergeant hits you with a +0 trident.
Maggie casts a spell at you. The bolt of fire misses you.
You slash the gnoll!
You kill the gnoll!
You hit Maggie. You slash the gnoll sergeant!
You break out of your daze.
Maggie gestures at you while chanting. The bolt of fire hits you!!
You die...

#.... #.# ##.... #.#
#..... ## #(# #..... # #.#
#.# ...og .#.#### ######.#
#.{Y##...... .%...#.#
#ogg#)..##### ####.#.###
#g@@........ .........#
####...####
####.#.#.#####.........#
.....#...............###.
###.#########)............
#.# ##)#...###.... #.#
#)#...###..:. #.#
#)......>.. #.#
#..###.....


You could see Maggie, a sky beast, a gnoll sergeant, 3 gnolls and 2 orcs.

Vanquished Creatures
  A water moccasin (D:6)
  An ice beast (D:6)
  3 ogres
  A phantom (D:6)
  3 bullfrogs
  2 scorpions
  5 water moccasin zombies (Ossuary)
  4 wights (D:7)
  2 howler monkeys (D:5)
  2 jellies
  2 hounds
  5 orc priests
  Jessica (D:3)
  3 iguanas
  8 orc wizards
  2 mummies (Ossuary)
  6 gnolls
  16 adders
  2 white imps
  2 ufetubi
  2 adder zombies (Ossuary)
  2 worms
  4 dart slugs
  12 orcs
  6 endoplasms
  5 giant cockroaches
  6 gnoll zombies (Ossuary)
  5 goblins
  8 hobgoblins
  7 jackals
  6 kobolds
  4 quokkas
  6 ball pythons
  8 bats
  9 frilled lizards
  4 hobgoblin zombies (Ossuary)
  4 kobold zombies (Ossuary)
  5 orc zombies (Ossuary)
  9 rats
183 creatures vanquished.

Notes
Turn   | Place    | Note
-------+----------+-------------------------------------------
     0 | D:1      | qw the Gargoyle Fighter began the quest for the Orb.
     0 | D:1      | Reached XP level 1. HP: 14/14 MP: 1/1
     0 | D:1      | 0 ||| qw: Version: 0.2-a-29-g0080da8
     0 | D:1      | 0 ||| qw: Game counter: 3856
     0 | D:1      | 0 ||| qw: Always use a shield: true
     0 | D:1      | 0 ||| qw: God list: Okawaru
     0 | D:1      | 0 ||| qw: Allow faded altars: false
     0 | D:1      | 0 ||| qw: Do Orc after D:15 true
     0 | D:1      | 0 ||| qw: Do second Lair branch before Depths: true
     0 | D:1      | 0 ||| qw: Lair rune preference: random
     0 | D:1      | 0 ||| qw: Plans: Normal, Zot:1-4, Slime:5, God:TSO, Crypt,
                  | Tomb, Abyss, Pan, Hells, Win
     0 | D:1      | 0 ||| PLANNING D:1-11
    55 | D:1      | 55 ||| Stepping ~*~*~tactically~*~*~ (hiding).
    56 | D:1      | 56 ||| Stepping ~*~*~tactically~*~*~ (hiding).
    67 | D:1      | Reached skill level 2 in Axes
   122 | D:1      | 122 ||| Stepping ~*~*~tactically~*~*~ (stealth).
   164 | D:1      | Reached XP level 2. HP: 19/19 MP: 2/2
   302 | D:1      | 302 ||| Stepping ~*~*~tactically~*~*~ (stealth).
   445 | D:1      | Reached skill level 3 in Axes
   500 | D:1      | Reached XP level 3. HP: 16/23 MP: 3/3
   792 | D:1      | 792 ||| UPGRADING to +0 chain mail.
   802 | D:1      | 802 ||| DROPPING +0 scale mail.
   803 | D:1      | 803 ||| UPGRADING to +5 ring of evasion.
   804 | D:1      | 804 ||| READING scroll labelled CEICAUMUJA.
   805 | D:1      | 805 ||| READING 3 scrolls labelled GOHOTA XUSIOPT.
   806 | D:1      | 806 ||| READING 2 scrolls of identify.
   806 | D:1      | 806 ||| IDENTIFYING bubbling blue potion
   807 | D:1      | 807 ||| DROPPING potion of ambrosia.
  1003 | D:2      | Reached XP level 4. HP: 28/28 MP: 4/4
  1045 | D:2      | 1045 ||| Stepping ~*~*~tactically~*~*~ (stealth).
  1048 | D:2      | 1048 ||| Stepping ~*~*~tactically~*~*~ (stealth).
  1054 | D:2      | Reached skill level 4 in Axes
  1101 | D:2      | 1101 ||| DROPPING +0 club.
  1106 | D:2      | 1106 ||| Stepping ~*~*~tactically~*~*~ (stealth).
  1170 | D:2      | Found a runed translucent door.
  1171 | D:2      | Noticed Crazy Yiuf
  1224 | D:2      | 1224 ||| Stepping ~*~*~tactically~*~*~ (stealth).
  1361 | D:2      | 1361 ||| READING scroll labelled TOTAKHL EROICS.
  1362 | D:2      | 1362 ||| READING scroll labelled EMYATA JAXAJ.
  1363 | D:2      | 1363 ||| DRINKING 2 puce potions.
  1364 | D:2      | 1364 ||| READING 2 scrolls of identify.
  1364 | D:2      | 1364 ||| IDENTIFYING fuming white potion
  1365 | D:2      | 1365 ||| DROPPING potion of degeneration.
  1440 | D:3      | 1440 ||| Stepping ~*~*~tactically~*~*~ (hiding).
  1441 | D:3      | 1441 ||| Stepping ~*~*~tactically~*~*~ (hiding).
  1461 | D:3      | 1461 ||| FLEEEEING.
  1462 | D:3      | 1462 ||| FLEEEEING.
  1463 | D:3      | 1463 ||| FLEEEEING.
  1464 | D:3      | 1464 ||| FLEEEEING.
  1465 | D:3      | 1465 ||| FLEEEEING.
  1466 | D:3      | 1466 ||| FLEEEEING.
  1483 | D:3      | 1483 ||| Stepping ~*~*~tactically~*~*~ (stealth).
  1485 | D:3      | 1485 ||| Stepping ~*~*~tactically~*~*~ (hiding).
  1572 | D:3      | 1572 ||| Stepping ~*~*~tactically~*~*~ (stealth).
  1581 | D:3      | 1581 ||| DROPPING +0 mace.
  1623 | D:3      | Noticed Jessica
  1624 | D:3      | 1624 ||| Stepping ~*~*~tactically~*~*~ (hiding).
  1634 | D:3      | Killed Jessica
  1635 | D:3      | Reached XP level 5. HP: 18/32 MP: 5/5
  1722 | D:3      | Found Joof's Magic Scroll Emporium.
  1736 | D:3      | 1736 ||| BUYING 2 scrolls of teleportation (84 gold).
  1736 | D:3      | Bought 2 scrolls of teleportation for 84 gold pieces
  1736 | D:3      | 1736 ||| SHOPLISTING scroll of brand weapon (133 gold, have
                  | 17).
  1736 | D:3      | 1736 ||| SHOPLISTING scroll of enchant armour (105 gold,
                  | have 17).
  1736 | D:3      | 1736 ||| SHOPLISTING scroll of identify (28 gold, have 17).
  2035 | D:3      | 2035 ||| READING scroll labelled OSEPNI LYIROTI.
  2056 | D:4      | Found Xoedio's Antique Weapon Shoppe.
  2241 | D:4      | 2241 ||| READING scroll of enchant weapon.
  2241 | D:4      | 2241 ||| ENCHANTING +1 war axe.
  2244 | D:4      | Noticed an ogre
  2252 | D:4      | Killed an ogre
  2253 | D:4      | Reached skill level 5 in Axes
  2253 | D:4      | Reached XP level 6. HP: 37/37 MP: 6/6
  2358 | D:4      | 2358 ||| Stepping ~*~*~tactically~*~*~ (hiding).
  2359 | D:4      | 2359 ||| Stepping ~*~*~tactically~*~*~ (hiding).
  2436 | D:4      | Identified the +5 long sword "Maxikeil" {elec, Fragile
                  | Str+3 Stlth+}
  2470 | D:4      | Found a white marble altar of Elyvilon.
  3117 | D:4      | 3117 ||| UPGRADING to amulet of reflection.
  3142 | D:5      | Entered Level 5 of the Dungeon
  3143 | D:5      | 3143 ||| PLANNING OSSUARY
  3149 | D:5      | Reached skill level 6 in Axes
  3166 | D:5      | Reached skill level 1 in Dodging
  3166 | D:5      | Reached XP level 7. HP: 43/43 MP: 7/7
  3236 | D:5      | Found a staircase to the Ecumenical Temple.
  3352 | D:5      | 3352 ||| Stepping ~*~*~tactically~*~*~ (stealth).
  3420 | D:5      | 3420 ||| Stepping ~*~*~tactically~*~*~ (hiding).
  3548 | D:5      | 3548 ||| Stepping ~*~*~tactically~*~*~ (hiding).
  3550 | D:5      | 3550 ||| Stepping ~*~*~tactically~*~*~ (hiding).
  3565 | D:5      | HP: 10/43 [orc/+0 mace (1)]
  3566 | D:5      | 3566 ||| DRINKING 2 potions of heal wounds.
  3574 | D:5      | Reached skill level 7 in Axes
  3708 | D:5      | Found a sand-covered staircase.
  3710 | D:5      | 3710 ||| DROPPING ring of wizardry.
  3711 | D:5      | 3711 ||| DRINKING 2 yellow potions.
  3712 | D:5      | Found an opulent altar of Gozag.
  3718 | Ossuary  | Entered an ossuary
  3773 | Ossuary  | Reached XP level 8. HP: 48/49 MP: 8/8
  3957 | Ossuary  | 3957 ||| READING scroll labelled KEONIL EBOIDIS.
  3958 | Ossuary  | 3958 ||| DRINKING 3 fizzy green potions.
  3959 | Ossuary  | 3959 ||| DRINKING 3 black potions.
  3960 | Ossuary  | 3960 ||| DRINKING 2 bubbling inky potions.
  3960 | Ossuary  | Gained mutation: Your magical capacity is low. (-10% MP)
                  | [potion of mutation]
  3960 | Ossuary  | Gained mutation: You are agile. (Dex +4, Str/Int -1)
                  | [potion of mutation]
  3961 | Ossuary  | 3961 ||| DROPPING 2 potions of brilliance.
  3962 | Ossuary  | 3962 ||| DROPPING 2 potions of enlightenment.
  3968 | D:5      | 3968 ||| PLANNING TEMPLE
  3987 | Temple   | Entered the Ecumenical Temple
  4059 | Temple   | 4059 ||| PLANNING D:1-11
  4277 | D:5      | Found a bloodstained altar of Trog.
  4280 | D:5      | Found an ancient bone altar of Kikubaaqudgha.
  4283 | D:5      | Found a radiant altar of Vehumet.
  4286 | D:5      | Found a hazy altar of Hepliaklqana.
  4770 | D:5      | 4770 ||| DROPPING amulet of guardian spirit.
  4839 | D:6      | Reached skill level 8 in Axes
  4956 | D:6      | Reached skill level 6 in Fighting
  5095 | D:6      | Found a sacrificial altar of Ru.
  5096 | D:6      | 5096 ||| Stepping ~*~*~tactically~*~*~ (hiding).
  5126 | D:6      | Found a shimmering altar of Xom.
  5144 | D:6      | Reached skill level 9 in Axes
  5148 | D:6      | 5148 ||| DRINKING 5 potions of curing.
  5148 | D:6      | 5148 ||| (to cure confusion)
  5150 | D:6      | 5150 ||| FLEEEEING.
  5152 | D:6      | 5152 ||| FLEEEEING.
  5153 | D:6      | 5153 ||| FLEEEEING.
  5160 | D:6      | Reached XP level 9. HP: 34/55 MP: 8/8
  5195 | D:6      | 5195 ||| FLEEEEING.
  5196 | D:6      | 5196 ||| FLEEEEING.
  5197 | D:6      | 5197 ||| FLEEEEING.
  5198 | D:6      | 5198 ||| FLEEEEING.
  5199 | D:6      | 5199 ||| FLEEEEING.
  5200 | D:6      | 5200 ||| FLEEEEING.
  5201 | D:6      | 5201 ||| FLEEEEING.
  5202 | D:6      | 5202 ||| FLEEEEING.
  5203 | D:6      | 5203 ||| FLEEEEING.
  5204 | D:6      | 5204 ||| FLEEEEING.
  5205 | D:6      | 5205 ||| FLEEEEING.
  5206 | D:6      | 5206 ||| FLEEEEING.
  5209 | D:6      | 5209 ||| FLEEEEING.
  5210 | D:6      | 5210 ||| FLEEEEING.
  5211 | D:6      | 5211 ||| FLEEEEING.
  5212 | D:6      | 5212 ||| FLEEEEING.
  5213 | D:6      | 5213 ||| FLEEEEING.
  5215 | D:6      | 5215 ||| FLEEEEING.
  5216 | D:6      | 5216 ||| FLEEEEING.
  5217 | D:6      | 5217 ||| FLEEEEING.
  5219 | D:6      | 5219 ||| FLEEEEING.
  5220 | D:6      | 5220 ||| FLEEEEING.
  5221 | D:6      | 5221 ||| STAIRDANCE
  5239 | D:5      | 5239 ||| UPGRADING to +6 ring of dexterity.
  5242 | D:6      | 5242 ||| STAIRDANCE
  5587 | D:7      | HP: 12/57 [gnoll/+0 spear[a gnoll bouda] (5)]
  5588 | D:7      | 5588 ||| READING 3 scrolls of teleportation.
  5589 | D:7      | 5589 ||| DRINKING potion of heal wounds.
  5603 | D:7      | 5603 ||| Stepping ~*~*~tactically~*~*~ (stealth).
  5604 | D:7      | 5604 ||| Stepping ~*~*~tactically~*~*~ (stealth).
  5685 | D:7      | 5685 ||| Stepping ~*~*~tactically~*~*~ (stealth).
  5881 | D:7      | Noticed Maggie
  5882 | D:7      | 5882 ||| Stepping ~*~*~tactically~*~*~ (hiding).
  5886 | D:7      | 5886 ||| Stepping ~*~*~tactically~*~*~ (hiding).
  5904 | D:7      | Killed from afar by Maggie

Levels and vault maps discovered:
D:1:      saegor_arrival_simple_d, layout_basic
D:2:      layout_rooms, uniq_crazy_yiuf_cottage
D:3:      layout_rooms, serial_shops, shop, uniq_jessica
D:4:      layout_gridville, elyvilon_altar_5, serial_shops, shop
D:5:      layout_basic, grunt_gozag_breadcrumbs,
          grunt_temple_overflow_cloverleaf, minmay_temple_entry_water_ring,
          enter_ossuary_1, nicolae_half_adder
D:6:      layout_cave_pools, lemuel_round_altar,
          nicolae_ru_great_annihilating_truth, dreamdust_princess_corridor,
          serial_bayou_crossing
D:7:      layout_loops_ring, uniq_maggie, uniq_pikel
Temple:   eino_temple_lava

Skill      XL: |  1  2  3  4  5  6  7  8  9 |
---------------+----------------------------+-----
Axes           | 2 3 4 5 6 7 9 |  9.4
Fighting       | 4 5 6 7 |  7.0
Dodging        | 1 2 |  2.0
Shields        | 4 |  4.0
Armour         | 4 |  4.2

Action                     |  1- 3 |  4- 6 |  7- 9 || total
---------------------------+-------+-------+-------++-------
  Melee: War axe           |    97 |   172 |   358 ||   627
    Use: Scroll            |     3 |     5 |     2 ||    10
         Potion            |       |     1 |     7 ||     8
   Stab: Paralysed         |       |       |     1 ||     1
 Armour: Scale mail        |    36 |       |       ||    36
         Chain mail        |    19 |    62 |   124 ||   205
  Dodge: Dodged            |    36 |   101 |   164 ||   301
  Block: Buckler           |    16 |    33 |   154 ||   203
         Reflection        |       |       |     2 ||     2

Table legend:
 A = Non-vault XP
 B = Vault XP
 C = Vault XP percentage of total XP
 D = Non-vault monster count
 E = Vault monster count
 F = Vault count percentage of total count
                 A         B        C        D         E       F
            +---------+---------+-------+---------+---------+-------
      Total |    2755 |     607 |  18.1 |     144 |      39 |  21.3
            +---------+---------+-------+---------+---------+-------
        D:1 |      39 |       0 |   0.0 |      25 |       0 |   0.0
        D:2 |      74 |       0 |   0.0 |      21 |       0 |   0.0
        D:3 |      45 |      37 |  45.1 |      24 |       1 |   4.0
        D:4 |     277 |       0 |   0.0 |      19 |       0 |   0.0
        D:5 |     602 |      79 |  11.6 |      20 |       6 |  23.1
        D:6 |     964 |      38 |   3.8 |      20 |       4 |  16.7
        D:7 |     754 |       0 |   0.0 |      15 |       0 |   0.0
    Ossuary |       0 |     453 | 100.0 |       0 |      28 | 100.0
            +---------+---------+-------+---------+---------+-------
